cohdb
Replays
Latest Replays
All Replays
Popular Replays
Top Player Replays
Match Explorer
How It Works
Community
CoH3 Stats
Reddit
Sign in to upload your games and track your stats! →
Sign in with Steam
Match 41035412
Unlisted
Match 41035412
Overview
Messages
Build Orders
End
Kettenkrad Recon Vehicle
Construct Infanterie Kompanie
Selects Breakthrough Battlegroup
Selects Assault Grenadiers
Grenadier Squad
Grenadier Squad
Grenadier Squad
Construct Luftwaffe Kompanie
Flak 30 Anti-aircraft Gun Team
Medical Bunker
MG 42 Machine Gun Team
Construct Panzer Kompanie
Stoßtruppen Squad
Panzer Officer Quarters
Selects Smoke Bombing Run
Smoke Bombing Run
Panzer IV Medium Tank
Stoßtruppen Squad
Smoke Bombing Run
Smoke Bombing Run
Smoke Bombing Run
Selects Rapid Production
Selects Blitzkrieg
Selects Tiger Heavy Tank
Tiger Heavy Tank
Jäger Squad
Pioneer Squad
Smoke Bombing Run
Pioneer Squad
Selects Incendiary Bombing Run
Smoke Bombing Run
Smoke Bombing Run
Construct Panzergrenadier Kompanie
Panzer IV Medium Tank
Smoke Bombing Run
Pioneer Squad
Smoke Bombing Run
乔龙迪克
只愛❤毛妹
0
0
Comments
sign in to comment!
No comments posted yet!